 Dungeon Crawl Stone Soup version 0.20.1-1-g8b1a95d (webtiles) character file.

348 xXlolmanXx the Poker (level 6, -2/47 HPs)
             Began as a Merfolk Gladiator on Sept 5, 2017.
             Slain by a slave (3 damage)
             ... led by Pikel
             ... on level 5 of the Dungeon.
             The game lasted 00:30:26 (1853 turns).

xXlolmanXx the Poker (Merfolk Gladiator)            Turns: 1853, Time: 00:30:26

Health: -2/47      AC:  9    Str: 23    XL:     6   Next: 60%
Magic:  9/15       EV: 11    Int:  8    God:
Gold:   239        SH:  0    Dex: 15    Spells: 5/5 levels left

rFire    + . .     SeeInvis .   l - +2 dagger of the Slime-mould {drain, rF+ rC- Str+7} (curse)
rCold    x . .     Gourm    .   (no shield)
rNeg     . . .     Faith    .   i - +0 chain mail
rPois    .         Spirit   .   c - +0 helmet
rElec    .         Reflect  .   (no cloak)
rCorr    .         Harm     .   (no gloves)
MR       +....                  (no boots)
Stlth    ..........             (no amulet)
Regen    0.2/turn               m - ring of stealth
MPRegen  0.2/turn               n - ring of magical power

@: no status effects
A: change form in water, swift swim, stealthy swim, claws 1, magic resistance 1,
MP-powered wands, sturdy frame 1
a: no special abilities


You were on level 5 of the Dungeon.
You were not hungry.

You visited 1 branch of the dungeon, and saw 5 of its levels.

You collected 239 gold pieces.

Inventory:

Hand Weapons
 a - a +0 trident
 l - the cursed +2 dagger of the Slime-mould (weapon) {drain, rF+ rC- Str+7}
   (You found it on level 4 of the Dungeon)

   A truly terrible weapon, it drains the life of those it strikes.
   It affects your strength (+7).
   It protects you from fire.
   It makes you vulnerable to cold.
   It has a curse placed upon it.
Missiles
 e - 13 poisoned needles (quivered)
 h - 85 stones
 j - 6 needles of confusion
Armour
 b - a +2 leather armour
 c - a +0 helmet (worn)
 i - a +0 chain mail (worn)
Jewellery
 m - a ring of stealth (left claw)
 n - a ring of magical power (right claw)
Wands
 k - a wand of paralysis (1/24)
Scrolls
 o - a scroll of amnesia
Comestibles
 d - 6 chunks of flesh
 f - 3 bread rations
 g - a royal jelly


   Skills:
 + Level 3.4 Fighting
 + Level 3.0 Short Blades
 + Level 7.0 Polearms
 + Level 2.4 Throwing
 + Level 1.2 Armour
 + Level 4.7 Dodging
 + Level 1.2 Stealth
 + Level 0.6 Evocations


You had 5 spell levels left.
You didn't know any spells.

Dungeon Overview and Level Annotations

Branches:
Dungeon (5/15)             Temple (0/1) D:4

Altars:

Annotations:
D:5 Pikel


Innate Abilities, Weirdness & Mutations

You revert to your normal form in water.
You are very nimble and swift while swimming.
You are very stealthy in the water. (Stealth+)
You have sharp fingernails.
You are resistant to hostile enchantments. (MR+)
You expend magic power (3 MP) to strengthen your wands.
Your movements are slightly less encumbered by armour. (ER -2)


Message History

The slave barely misses you. The slave hits you.
* * * LOW HITPOINT WARNING * * *
You aren't carrying any potions.
You can't unwield your weapon to draw a new one!
Okay, then.
You closely miss Pikel.
Pikel is lightly wounded.
The slave hits you but does no damage. Pikel hits you but does no damage.
The slave misses you. The slave hits you.
* * * LOW HITPOINT WARNING * * *
You completely miss Pikel.
Pikel is lightly wounded.
The slave hits you.
* * * LOW HITPOINT WARNING * * *
The slave completely misses you. Pikel hits you but does no damage.
The slave hits you.
* * * LOW HITPOINT WARNING * * *
The slave closely misses you. The slave hits you.
You die...

.............###)###.#
......>..............#
.....................#
.....................#
.....................#
.....................#
.......###############..
.......'......pp........
.......#......p.@.......
.......#......pK........
.......#'#####......##..
.......#....##......#
.......#............#
.......#............#
.......#............#
.......#............#
.......#........


You could see Pikel and 4 slaves.

Vanquished Creatures
  A centaur (D:5)
  A howler monkey (D:5)
  A bullfrog skeleton (D:4)
  An orc wizard (D:4)
  3 worker ants
  A worker ant zombie (D:5)
  A hound skeleton (D:5)
  2 adders
  An adder skeleton (D:4)
  A worm (D:2)
  2 dart slugs (D:1)
  10 orcs
  5 giant cockroaches
  4 goblins
  A hobgoblin (D:2)
  3 jackals (D:1)
  2 quokkas
  4 bats
  4 frilled lizards
  A jackal skeleton (D:4)
  3 kobolds
  2 rats
54 creatures vanquished.

Notes
Turn   | Place    | Note
-------+----------+-------------------------------------------
     0 | D:1      | xXlolmanXx the Merfolk Gladiator began the quest for the Orb.
     0 | D:1      | Reached XP level 1. HP: 16/16 MP: 1/1
   190 | D:1      | Reached XP level 2. HP: 15/23 MP: 2/2
   406 | D:1      | Reached skill level 5 in Polearms
   507 | D:2      | Gained mutation: You expend magic power (3 MP) to strengthen your wands. [potion of mutation]
   507 | D:2      | Gained mutation: Your movements are slightly less encumbered by armour. (ER -2) [potion of mutation]
   507 | D:2      | Gained mutation: You have sharp fingernails. [potion of mutation]
   507 | D:2      | Gained mutation: You are resistant to hostile enchantments. (MR+) [potion of mutation]
   629 | D:2      | Reached XP level 3. HP: 22/28 MP: 3/3
   921 | D:4      | Reached XP level 4. HP: 25/34 MP: 4/4
   963 | D:4      | Got a twisted dagger
   964 | D:4      | Identified the cursed +2 dagger of the Slime-mould {drain, rF+ rC- Str+7} (You found it on level 4 of the Dungeon)
  1183 | D:4      | Reached skill level 6 in Polearms
  1183 | D:4      | Reached XP level 5. HP: 41/41 MP: 5/5
  1256 | D:4      | Reached skill level 1 in Short Blades
  1256 | D:4      | Reached skill level 1 in Armour
  1316 | D:4      | Found a staircase to the Ecumenical Temple.
  1576 | D:5      | Entered Level 5 of the Dungeon
  1618 | D:5      | Noticed a centaur
  1657 | D:5      | Killed a centaur
  1657 | D:5      | Reached skill level 7 in Polearms
  1657 | D:5      | Reached skill level 1 in Stealth
  1657 | D:5      | Reached XP level 6. HP: 36/47 MP: 6/6
  1830 | D:5      | Noticed a slave
  1830 | D:5      | Noticed a slave
  1836 | D:5      | Noticed a slave
  1837 | D:5      | Noticed a slave
  1842 | D:5      | Noticed Pikel
  1852 | D:5      | HP: 1/47 [slave[Pikel] (4)]
  1853 | D:5      | Slain by a slave

Skill      XL: |  1  2  3  4  5  6 |
---------------+-------------------+-----
Polearms       | 5 6 7 |  7.0
Fighting       | 3 |  3.4
Short Blades   | 2 3 |  3.0
Armour         | 1 |  1.2
Stealth        | 1 |  1.2
Throwing       | |  2.4
Dodging        | |  4.7
Evocations     | |  0.6

Action                   |  1- 3 |  4- 6 || total
-------------------------+-------+-------++-------
Melee: Trident           |   110 |     7 ||   117
       Dagger            |       |   111 ||   111
Throw: Throwing net      |     6 |       ||     6
       Stone             |     1 |       ||     1
Evoke: Wand              |       |     6 ||     6
  Use: Scroll            |     8 |     1 ||     9
       Potion            |     3 |     3 ||     6
 Stab: Paralysed         |       |     4 ||     4
  Eat: Chunk             |       |     2 ||     2
       Royal jelly       |       |     1 ||     1
Armor: Leather armour    |    20 |       ||    20
       Chain mail        |     1 |    64 ||    65
       Skin              |     1 |       ||     1
Dodge: Dodged            |    74 |    65 ||   139
